 Dungeon Crawl Stone Soup version 0.20-a0-830-g2c9a30d (webtiles) character file.

1429 M4edhros the Sneak (level 8, -1/54 HPs)
             Began as an Octopode Artificer on Mar 7, 2017.
             Was a Believer of Fedhas.
             Slain by a wight
             ... wielding a +0 great sword
              (5 damage)
             ... on level 6 of the Dungeon.
             The game lasted 00:06:36 (5769 turns).

M4edhros the Sneak (Octopode Artificer)             Turns: 5769, Time: 00:06:36

Health: -1/54      AC:  1    Str: 15    XL:     8   Next: 73%
Magic:  17/21      EV: 10    Int: 13    God:    Fedhas [**....]
Gold:   210        SH: 13    Dex: 15    Spells: 7/7 levels left

rFire    + . .     SeeInvis .   G - +7 falchion of Power {flame, rF+}
rCold    . . .     Gourm    .   n - +0 large shield
rNeg     . . .     Faith    .   (helmet restricted)
rPois    .         Spirit   .   (no amulet)
rElec    .         Reflect  .   H - +4 ring of strength
rCorr    .         Harm     .   J - ring of magical power
MR       .....                  (no ring)
Stlth    ++++......             (no ring)
Regen    0.2/turn               (no ring)
MPRegen  0.2/turn               (no ring)
                                (no ring)
                                (no ring)

@: drained
A: almost no armour, stealthy swim, amphibious, 8 rings, constrict 8, camouflage
1, gelatinous body 1
a: Fungal Bloom, Evolution, Sunlight, Renounce Religion


You were on level 6 of the Dungeon.
You worshipped Fedhas.
Fedhas was pleased with you.
You were hungry.

You visited 1 branch of the dungeon, and saw 6 of its levels.

You collected 210 gold pieces.

Inventory:

Hand Weapons
 a - a +0 short sword
 k - a +0 hunting sling
 t - a +2 whip of venom
 D - a +1 rapier of venom
 G - the +7 falchion of Power (weapon) {flame, rF+}
   (You found it on level 5 of the Dungeon)

   It has been specially enchanted to burn those struck by it, causing extra
   injury to most foes and up to half again as much damage against particularly
   susceptible opponents.
   Big, fiery blades are also staple armaments of hydra-hunters.
   It protects you from fire.
 K - the +1 trident of Prescription {antimagic, *Noise rC+ Dex+3}
   (You found it on level 6 of the Dungeon)

   It reduces the magical energy of the wielder, and disrupts the spells and
   magical abilities of those hit.
   Natural abilities and divine invocations are not affected.
   It affects your dexterity (+3).
   It protects you from cold.
   It may make noises in combat.
Missiles
 j - 191 stones (quivered)
Armour
 n - a +0 large shield (worn)
Jewellery
 C - an uncursed ring of ice
 H - a +4 ring of strength (left tentacle)
 J - a ring of magical power (right tentacle)
Wands
 b - a wand of flame (38/48)
 c - a wand of enslavement (15/24)
 d - a wand of random effects (15/48)
 E - a wand of iceblast (5/15)
 I - a wand of lightning (7/15)
Scrolls
 i - 4 scrolls of teleportation
 p - a scroll of remove curse
 q - a scroll of immolation
 u - a scroll of random uselessness {unknown}
 v - 2 scrolls of enchant armour {unknown}
 z - 3 scrolls of identify
 A - 2 scrolls of enchant weapon {unknown}
 B - a scroll of magic mapping
 F - a scroll of fog {unknown}
Potions
 e - 3 potions of berserk rage {unknown}
 g - a potion of agility {unknown}
 l - a potion of might {unknown}
 m - 4 potions of curing
 r - 4 potions of heal wounds {unknown}
 s - a potion of magic {unknown}
 w - 2 potions of lignification {unknown}
 x - a potion of haste {unknown}
 L - a potion of cancellation {unknown}
Books
 y - a book of Cantrips

   Spells                             Type                      Level
   a - Confusing Touch                Hexes                        1
   b - Animate Skeleton               Necromancy                   1
   c - Summon Small Mammal            Summoning                    1
   d - Apportation                    Translocation                1
Comestibles
 f - 4 bread rations
 h - 3 meat rations
 o - a fruit


   Skills:
 + Level 3.9(3.0) Fighting
 - Level 1.0(0.2) Short Blades
 + Level 4.0(3.1) Dodging
 + Level 6.9(6.0) Stealth
 * Level 5.4(4.6) Shields
 * Level 2.9(2.1) Invocations
 + Level 5.6(4.7) Evocations


You had 7 spell levels left.
You didn't know any spells.

Dungeon Overview and Level Annotations

Branches:
Dungeon (6/15)
 Temple: D:4-7

Altars:
Ashenzari
Dithmenos
Fedhas
Makhleb
Sif Muna
Uskayaw
Wu Jian


Innate Abilities, Weirdness & Mutations

You cannot wear most types of armour.
You are very stealthy in the water. (Stealth+)
You are amphibious.
You can wear up to eight rings at the same time.
You can use your tentacles to constrict eight enemies at once.
Your skin changes colour to match your surroundings (Stealth+).
Your rubbery body absorbs attacks. (AC +1, EV +1)


Message History

You constrict the wight. The wight hits you with a great sword.
The wight barely misses you.
You riposte.
You hit the wight. You burn the wight.
The wight is heavily damaged.
You slash the wight! You burn the wight.
You destroy the wight!
Your base Dodging skill increases to level 4!
The wight hits you with a great sword.
You hit the wight but do no damage. You grab the wight.
You constrict the wight. You block the wight's attack.
You hit the wight. You burn the wight.
The wight is moderately damaged.
You constrict the wight, but do no damage.
The wight hits you with a great sword!!
You feel drained.
* * * LOW HITPOINT WARNING * * *
The wight hits you with a great sword!
* * * LOW HITPOINT WARNING * * *
You feel drained.
You die...
Fedhas appreciates your contribution to the ecosystem.

...# ...#..
.....
..(...
.....######
...#
..........#
...#
.........>#
...#
..........#
...#
...<....#
...#
#.))z.#
...#
#..@..#
.###
#####.....#
...
#.........#
##..
#.###.....#
.. #.....#
###.###
#..#
#.......#
##f######
#.......#
#..##...##


You could see a wight and a friendly wandering mushroom.

Vanquished Creatures
  Menkaure (D:4)
  3 ogres
  3 centaurs
  2 wights (D:6)
  A howler monkey (D:5)
  An orc priest (D:6)
  A hound (D:6)
  A jelly (D:5)
  4 orc wizards (D:6)
  A bullfrog skeleton (D:5)
  A centaur skeleton (D:4)
  2 iguanas (D:5)
  5 worker ants
  Ijyb (D:2)
  A hound skeleton (D:6)
  8 adders
  4 gnolls
  2 howler monkey skeletons
  An ooze (D:1)
  An adder skeleton (D:4)
  A worm (D:3)
  2 dart slugs (D:4)
  A leopard gecko (D:4)
  15 orcs
  6 giant cockroaches
  7 goblins
  3 hobgoblins
  5 jackals
  6 kobolds
  2 quokkas (D:3)
  6 bats
  6 frilled lizards
  A jackal skeleton (D:4)
  A quokka skeleton (D:4)
  3 rats
109 creatures vanquished.

Vanquished Creatures (others)
  48 toadstools
48 creatures vanquished.

Grand Total: 157 creatures vanquished

Notes
Turn   | Place    | Note
-------+----------+-------------------------------------------
     0 | D:1      | M4edhros the Octopode Artificer began the quest for the Orb.
     0 | D:1      | Reached XP level 1. HP: 13/13 MP: 3/3
    38 | D:1      | Reached skill level 2 in Stealth
   115 | D:2      | Noticed Ijyb
   120 | D:2      | Killed Ijyb
   120 | D:2      | Reached skill level 4 in Stealth
   120 | D:2      | Reached XP level 2. HP: 3/18 MP: 4/4
   120 | D:2      | Reached XP level 3. HP: 4/23 MP: 5/5
   673 | D:4      | Found an ornate altar of the Wu Jian Council.
   830 | D:4      | Reached skill level 1 in Shields
   830 | D:4      | Reached XP level 4. HP: 23/28 MP: 6/6
  1207 | D:4      | Noticed Menkaure
  1212 | D:4      | Killed Menkaure
  1212 | D:4      | Reached skill level 5 in Stealth
  1212 | D:4      | Reached XP level 5. HP: 34/34 MP: 6/8
  1212 | D:4      | Reached XP level 6. HP: 39/39 MP: 6/9
  1215 | D:4      | Found a shadowy altar of Dithmenos.
  1645 | D:5      | Entered Level 5 of the Dungeon
  1797 | D:5      | Found a shattered altar of Ashenzari.
  2051 | D:5      | Reached XP level 7. HP: 38/45 MP: 10/10
  2673 | D:6      | Reached skill level 6 in Stealth
  2714 | D:6      | Found a faded altar of an unknown god.
  2714 | D:6      | Found a burning altar of Makhleb.
  2719 | D:6      | Found a hide-covered altar of Uskayaw.
  2721 | D:6      | Found a deep blue altar of Sif Muna.
  2722 | D:6      | Found a blossoming altar of Fedhas.
  2734 | D:6      | Became a worshipper of Fedhas Madash
  3642 | D:2      | Reached skill level 5 in Evocations
  3664 | D:2      | Found a faded altar of an unknown god.
  4102 | D:3      | Reached XP level 8. HP: 36/52 MP: 11/11
  4112 | D:3      | Reached * piety under Fedhas
  4815 | D:5      | Reached skill level 1 in Invocations
  4965 | D:5      | Got an ichor-stained falchion
  4966 | D:5      | Identified the +7 falchion of Power {flame, rF+} (You found it on level 5 of the Dungeon)
  5357 | D:6      | Reached skill level 5 in Shields
  5627 | D:6      | Found a shadowy altar of Dithmenos.
  5664 | D:6      | Reached ** piety under Fedhas
  5711 | D:6      | Got a translucent trident
  5712 | D:6      | Identified the +1 trident of Prescription {antimagic, *Noise rC+ Dex+3} (You found it on level 6 of the Dungeon)
  5769 | D:6      | Slain by a wight

Vault maps used:
D:1:      minmay_arrival_four_circles
D:2:      chequers_ecumenical_altar_simple_redux, uniq_iyjb
D:3:      serial_corexii_hall, corexii_hall_statues_i, corexii_hall_statues_i,
          minmay_misc_feat_columns, kennysheep_nondescript
D:4:      kennysheep_little_box, overflow_temple_1_default, first_bread,
          uniq_menkaure
D:5:      cheibrodos_ashenzari_chains
D:6:      chequers_temple_overflow_minitemple, temple_hall,
          nicolae_dithmenos_shadow_blocks

Skill      XL: |  1  2  3  4  5  6  7  8 |
---------------+-------------------------+-----
Stealth        | 4 5 6 |  6.9
Shields        | 1 2 3 4 5 |  5.4
Fighting       | 2 3 |  3.9
Evocations     | 4 5 |  5.6
Dodging        | 3 4 |  4.0
Invocations    | 2 |  2.9
Short Blades   | |  1.0

Action                   |  1- 3 |  4- 6 |  7- 9 || total
-------------------------+-------+-------+-------++-------
Melee: Short sword       |    33 |     1 |       ||    34
       Constrict         |     7 |     9 |    48 ||    64
       Tentacles         |     5 |     8 |    23 ||    36
       Whip              |       |    41 |   104 ||   145
       Falchion          |       |       |    46 ||    46
       Rapier            |       |       |    10 ||    10
Invok: Fungal Bloom      |       |       |    23 ||    23
       Evolution         |       |       |     1 ||     1
Evoke: Wand              |     2 |     5 |       ||     7
  Use: Scroll            |       |     5 |     1 ||     6
       Potion            |       |       |     1 ||     1
 Stab: Sleeping          |     6 |     7 |    13 ||    26
  Eat: Chunk             |       |     3 |     5 ||     8
       Bread ration      |       |       |     1 ||     1
       Royal jelly       |       |       |     1 ||     1
Armor: Skin              |     1 |       |     4 ||     5
Dodge: Dodged            |    26 |    14 |    57 ||    97
Block: Large shield      |     3 |    19 |   114 ||   136
       Rpst.: Falchion   |       |       |     7 ||     7
